Map: Neon Violet Square LE

Players

David (iPlayDefense) - Winner!

  • Race: Terran Terran
  • Spawn Location: 11:00

VOD

Have the link to the VOD?

Description

Time

  • Played on: April 9, 2025, 6:06 p.m.
  • Length: 58:26
Show
View Real Time Build Order
Export as new Build Order

David Terran - Winner!

Build Orders:  

Get SALT Encoding   

  12  0:03  SCV  
  13  0:25  Supply Depot  
  13  0:39  SCV  
  14  0:56  SCV  
  15  1:03  Barracks  
  15  1:13  SCV  
  15  1:18  Supply Depot  
  16  1:30  SCV  
  17  1:47  SCV  
  18  1:52  Refinery  
  18  2:10  SCV  
  19  2:27  SCV  
  19  2:29  Refinery  
  20  2:32  Engineering Bay  
  20  2:44  SCV  
  21  3:01  SCV  
  22  3:12  Command Center  
  22  3:18  SCV  
  23  3:20  Supply Depot  
  23  3:25  Marine  
  24  3:39  SCV  
  25  3:50  Marine  
  25  3:56  SCV  
  27  4:06  Supply Depot  
  27  4:13  SCV  
  27  4:15  Marine  
  29  4:40  Marine  
  29  4:41  Supply Depot  
  30  4:50  SCV  
  30  4:56  SCV  
  32  5:04  Marine  
  32  5:07  SCV  
  34  5:10  Refinery  
  34  5:13  SCV  
  35  5:24  SCV  
  36  5:30  SCV  
  36  5:31  Bunker  
  36  5:33  Barracks Reactor  
  37  5:47  SCV, Refinery  
  36  5:51  SCV  
  37  6:04  SCV  
  37  6:08  SCV  
  39  6:14  Bunker  
  39  6:23  SCV  
  39  6:25  SCV  
  39  6:28  Marine  
  39  6:29  Marine  
  43  6:40  SCV  
  43  6:42  SCV  
  43  6:43  Factory  
  45  6:53  Marine  
  45  6:54  Marine  
  45  6:57  SCV, Bunker  
  45  6:59  SCV  
  49  7:18  Marine  
  49  7:19  Marine  
  51  7:23  SCV  
  51  7:25  Structure Armor  
  51  7:28  Orbital Command  
  52  7:40  SCV  
  52  7:43  Marine  
  52  7:44  Marine  
  52  7:46  Missile Turret  
  55  7:54  Factory Tech Lab  
  55  7:57  SCV  
  55  7:59  Command Center  
  56  8:07  SCV  
  57  8:17  SCV  
  58  8:24  SCV  
  59  8:33  Marine  
  59  8:34  SCV  
  61  8:40  SCV  
  61  8:45  Siege Tank  
  65  8:51  SCV  
  65  8:52  Barracks  
  65  8:57  SCV  
  67  9:08  SCV  
  68  9:14  SCV  
  69  9:25  SCV  
  70  9:39  Siege Tank  
  73  10:05  Barracks Tech Lab  
  73  10:06  Sensor Tower  
  73  10:14  Missile Turret  
  73  10:24  Siege Tank  
  78  10:31  Reaper  
  78  10:32  Reaper  
  78  10:41  Sensor Tower  
  78  10:42  Unknown  
  78  10:46  Marauder  
  80  10:52  Planetary Fortress  
  80  10:57  Orbital Command  
  80  11:09  Siege Tank  
  83  11:16  Reaper  
  83  11:17  Reaper  
  85  11:25  Refinery  
  85  11:34  Supply Depot  
  85  12:00  Refinery  
  85  12:04  Siege Tank, Marauder  
  85  12:07  Supply Depot  
  85  12:09  Reaper x2  
  92  12:38  Marauder  
  92  12:39  Supply Depot  
  96  12:54  Reaper x2  
  96  12:56  SCV  
  96  12:59  SCV  
  98  13:11  Supply Depot  
  98  13:13  SCV  
  98  13:16  SCV  
  100  13:23  Concussive Shells  
  100  13:30  SCV  
  100  13:33  SCV  
  100  13:37  Starport  
  102  14:29  Starport  
  102  14:34  Starport Tech Lab  
  102  14:46  Supply Depot  
  102  15:04  Infernal Pre-Igniter  
  102  15:18  Supply Depot  
  102  15:22  Starport  
  102  15:29  Starport Tech Lab  
  98  15:50  Supply Depot  
  98  15:52  Marine  
  98  15:53  Marine  
  98  15:54  Siege Tank  
  100  16:00  Marauder  
  102  16:14  Cyclone  
  102  16:15  Starport  
  102  16:17  Marine  
  102  16:18  Marine  
  102  16:19  Starport Tech Lab  
  107  16:21  Supply Depot  
  107  16:30  Marauder  
  109  16:42  Marine x2  
  111  16:52  Cloaking Field  
  111  16:59  Cyclone  
  114  17:00  Marauder  
  114  17:07  Marine x2  
  118  17:28  Missile Turret  
  118  17:30  Marauder  
  118  17:31  Missile Turret  
  120  17:43  Starport Tech Lab  
  120  17:44  Cyclone  
  123  17:55  Missile Turret  
  123  17:59  Missile Turret  
  123  18:00  Marauder  
  125  18:22  Missile Turret  
  125  18:26  Terran Infantry Weapons Level 1  
  125  18:27  Missile Turret  
  125  18:29  Cyclone  
  128  18:55  Missile Turret  
  128  19:07  Armory  
  128  19:14  Cyclone  
  131  19:23  Missile Turret  
  131  19:31  Marine  
  131  19:32  Marine  
  133  19:52  Missile Turret  
  133  19:56  Marine  
  133  19:57  Marine  
  135  20:16  Fusion Core  
  135  20:20  Missile Turret  
  135  20:21  Marine  
  135  20:22  Marine  
  137  20:30  Terran Vehicle And Ship Armor Level 1  
  137  20:46  Marine  
  137  20:47  Marine  
  139  21:06  Terran Infantry Armor Level 1  
  139  21:29  Unknown  
  133  21:44  Command Center  
  115  22:25  Bunker  
  82  23:10  Terran Ship Weapons Level 1  
  82  23:19  Unknown, Drilling Claws  
  82  23:37  Ghost Academy  
  82  23:55  Marine x2  
  84  24:00  Marauder  
  84  24:06  Hi-Sec Auto Tracking  
  84  24:09  Planetary Fortress  
  86  24:20  Marine x2  
  88  24:42  Refinery  
  88  24:49  Refinery  
  88  24:53  Ghost  
  88  24:56  Weapon Refit  
  91  25:06  Terran Infantry Weapons Level 2  
  91  25:15  Bunker  
  91  25:20  Personal Cloaking  
  91  25:33  Ghost  
  94  25:43  Siege Tank  
  94  25:46  Caduceus Reactor  
  97  25:50  Terran Vehicle Weapons Level 1  
  97  26:13  Ghost  
  100  26:23  Supply Depot  
  100  26:28  Siege Tank  
  103  26:54  Banshee  
  103  26:55  Banshee x3  
  103  26:56  Supply Depot  
  115  27:04  Marine x2  
  117  27:13  Siege Tank  
  120  27:28  Supply Depot  
  120  27:29  Marine x2  
  122  27:32  Refinery  
  122  27:52  Refinery  
  122  27:53  Marine  
  122  27:54  Marine, Banshee  
  122  27:55  Banshee x3  
  122  27:58  Siege Tank  
  122  27:59  Supply Depot  
  139  28:09  Siege Tank  
  139  28:16  Terran Infantry Armor Level 2  
  139  28:18  Marine  
  139  28:19  Marine, Command Center  
  141  28:30  Terran Vehicle And Ship Armor Level 2  
  141  28:31  Supply Depot  
  141  28:43  Siege Tank  
  144  28:54  Banshee  
  144  28:55  Banshee x3  
  144  28:56  Unknown  
  156  29:53  Command Center  
  156  29:54  Banshee  
  156  29:55  Banshee x3  
  168  30:54  Banshee  
  168  30:55  Banshee x3  
  155  31:20  SCV x2  
  155  31:26  Terran Infantry Weapons Level 3  
  157  31:37  SCV x2  
  157  31:39  Terran Vehicle Weapons Level 2  
  159  31:54  SCV x2, Banshee  
  159  31:55  Missile Turret, Banshee x3  
  173  32:11  SCV x2  
  175  32:22  Missile Turret  
  175  32:26  Unknown  
  175  32:27  SCV  
  175  32:28  SCV  
  177  32:49  Missile Turret  
  177  32:54  Banshee  
  177  32:55  Banshee x3, Bunker  
  177  33:10  Siege Tank x3  
  177  33:15  Siege Tank x4  
  177  33:18  Missile Turret  
  153  33:43  Refinery  
  153  33:45  Missile Turret  
  153  33:46  Unknown  
  150  33:50  Bunker  
  150  33:54  Banshee x2  
  150  33:55  Banshee x2  
  153  34:00  Refinery  
  153  34:16  Command Center  
  153  34:49  Terran Ship Weapons Level 2  
  153  34:54  Banshee x2  
  153  34:55  Banshee x2  
  165  35:06  Terran Infantry Armor Level 3  
  165  35:19  Ghost  
  168  35:29  Planetary Fortress  
  168  35:39  Supply Depot  
  168  35:54  Banshee x4  
  168  35:59  Marauder  
  174  36:11  Supply Depot  
  173  36:42  Supply Depot  
  173  36:44  Bunker  
  173  36:54  Banshee x4  
  185  37:14  Supply Depot  
  185  37:46  Supply Depot  
  185  37:54  Banshee x4  
  185  37:59  Terran Vehicle Weapons Level 3  
  197  38:05  Marine  
  197  38:06  Marine  
  199  38:19  Supply Depot  
  199  38:30  Marine  
  200  38:53  Supply Depot  
  200  39:26  Supply Depot  
  155  40:29  Battlecruiser  
  134  40:30  Battlecruiser x3  
  152  41:00  Missile Turret  
  152  41:10  Missile Turret  
  152  41:28  Missile Turret  
  152  41:38  Missile Turret  
  152  41:39  Terran Vehicle And Ship Armor Level 3  
  152  41:56  Missile Turret  
  152  41:59  Battlecruiser  
  158  42:00  Battlecruiser x3  
  158  42:06  Missile Turret  
  176  42:23  Missile Turret  
  176  43:29  Battlecruiser  
  182  43:30  Battlecruiser x3  
  200  44:19  Unknown  
  200  45:19  Terran Ship Weapons Level 3  
  200  46:32  Command Center  
  200  46:45  Refinery  
  194  46:59  Refinery  
  182  48:57  Unknown  
  182  51:17  Banshee  
  182  51:18  Banshee x3  
  194  52:17  Banshee  
  194  52:18  Banshee x3  
  194  53:17  Banshee  
  194  53:18  Banshee  
  194  54:17  Banshee  
  194  54:18  Banshee  
  197  55:17  Banshee  
  194  55:51  Siege Tank x5  
  194  56:02  Siege Tank x2  
Tags
 
Add a new tag
Caveats
  • Supply blocks, unpowered buildings, or Contaminate may cause inaccurate times.
  • Supply counts are checked every 10 seconds.